 Dungeon Crawl Stone Soup version 0.24-a0-521-g122614bf49 (webtiles) character file.

Game seed: 763521948284281635

417 Flugkiller the Ducker (level 6, -9/42 HPs)
             Began as an Octopode Wanderer on July 30, 2019.
             Mangled by an ogre
             ... wielding a +0 giant club
              (34 damage)
             ... on level 4 of the Dungeon.
             The game lasted 00:07:53 (4853 turns).

Flugkiller the Ducker (Octopode Wanderer)           Turns: 4853, Time: 00:07:54

Health: -9/42      AC:  1    Str: 10    XL:     6   Next: 92%
Magic:  4/6        EV: 15    Int: 15    God:
Gold:   240        SH:  0    Dex: 14    Spells: 4/5 levels left

rFire    . . .     SeeInvis .   g - +4 dagger
rCold    . . .     Gourm    +   (no shield)
rNeg     . . .     Faith    .   (helmet restricted)
rPois    .         Spirit   .   h - amulet of the gourmand
rElec    .         Reflect  .   (no ring)
rCorr    .         Harm     .   (no ring)
MR       .....                  (no ring)
Stlth    ++++......             (no ring)
HPRegen  0.14/turn              (no ring)
MPRegen  0.10/turn              (no ring)
                                (no ring)
                                (no ring)

@: no status effects
A: almost no armour, stealthy swim, amphibious, 8 rings, constrict 8, camouflage
1, gelatinous body 1
a: no special abilities


You were on level 4 of the Dungeon.
You were completely stuffed.

You visited 1 branch of the dungeon, and saw 4 of its levels.

You collected 240 gold pieces.

Inventory:

Hand Weapons
 g - a +4 dagger (weapon)
   (You took it off a kobold on level 1 of the Dungeon)
Missiles
 i - 3 poisoned darts (quivered)
Jewellery
 h - an amulet of the gourmand (around mantle)
   (You found it on level 1 of the Dungeon)
Scrolls
 c - a scroll of enchant weapon {unknown}
 e - a scroll of magic mapping {unknown}
 k - a scroll of remove curse {unknown}
 n - a scroll of teleportation
 p - 3 scrolls of fear {unknown}
 q - a scroll of enchant armour {unknown}
Potions
 a - a potion of mutation
 b - 2 potions of heal wounds
 j - a potion of curing
 o - 2 potions of ambrosia
Comestibles
 d - 2 chunks of flesh
 f - 7 rations


   Skills:
 + Level 3.6 Fighting
 + Level 3.3 Short Blades
   Level 1.0 Polearms
 - Level 1.0 Throwing
 + Level 4.7 Dodging
 - Level 4.0 Stealth
   Level 3.0 Translocations


You had 4 spell levels left.
You knew the following spells:

 Your Spells              Type           Power        Failure   Level  Hunger
a - Flame Tongue          Conj/Fire      #....        26%         1    ##.....

Your spell library contained the following spells:

 Spells                   Type           Power        Failure   Level  Hunger
 Inner Flame              Hex/Fire       #.......     63%         3    ####...


Dungeon Overview and Level Annotations

Branches:
Dungeon (4/15)
 Temple: D:4-7

Altars:
Ashenzari

Annotations:
D:1 exclusion: gnoll
D:3 Sigmund


Innate Abilities, Weirdness & Mutations

You cannot wear most types of armour.
You are very stealthy in the water. (Stealth+)
You are amphibious.
You can wear up to eight rings at the same time.
You can use your tentacles to constrict eight enemies at once.
Your skin changes colour to match your surroundings (Stealth+).
Your rubbery body absorbs attacks. (AC +1, EV +1)


Message History

A worm comes into view.
Throwing (i - inventory)
i - 8 poisoned darts (quivered)
Press: ? - help, Shift-Dir - straight line, f - ogre
Aim: an ogre, wielding a +0 giant club You throw a poisoned dart.
The poisoned dart completely misses the ogre.
Throwing (i - inventory)
i - 7 poisoned darts (quivered)
Press: ? - help, Shift-Dir - straight line, f/p - ogre
Aim: an ogre, wielding a +0 giant club You throw a poisoned dart.
The poisoned dart hits the ogre.
The ogre is poisoned.
Throwing (i - inventory)
i - 6 poisoned darts (quivered)
Press: ? - help, Shift-Dir - straight line, f/p - ogre
Aim: an ogre, wielding a +0 giant club (poisoned)
You throw a poisoned dart. The poisoned dart hits the ogre.
Throwing (i - inventory)
i - 5 poisoned darts (quivered)
Press: ? - help, Shift-Dir - straight line, f/p - ogre
Aim: an ogre, wielding a +0 giant club (poisoned)
You throw a poisoned dart.
The poisoned dart barely misses the ogre.
Throwing (i - inventory)
i - 4 poisoned darts (quivered)
Press: ? - help, Shift-Dir - straight line, f/p - ogre
Aim: an ogre, wielding a +0 giant club (lightly wounded, poisoned)
You throw a poisoned dart.
The poisoned dart barely misses the ogre.
You barely miss the ogre.
The ogre is lightly wounded.
The ogre closely misses you.
You hit the ogre. You squeeze the ogre.
The ogre is heavily wounded.
The ogre looks more healthy.
Casting: Flame Tongue (safe; 26% risk of failure)
Confirm with . or Enter, or press ? or * to list all spells.
Aiming: Flame Tongue (safe; 26% risk of failure)
Press: ? - help, Shift-Dir - straight line, f/p - ogre
Aim: an ogre, wielding a +0 giant club (heavily wounded)
The flame tongue hits the ogre.
The ogre is severely wounded.
The ogre hits you with a +0 giant club!
Unknown command.
Casting: Flame Tongue (safe; 26% risk of failure)
Confirm with . or Enter, or press ? or * to list all spells.
Aiming: Flame Tongue (safe; 26% risk of failure)
Press: ? - help, Shift-Dir - straight line, f/p - ogre
Aim: an ogre, wielding a +0 giant club (severely wounded)
The flame tongue hits the ogre!
The ogre is almost dead.
The ogre hits you with a +0 giant club!!
Ouch! That really hurt!
You die...

.#...#.#....#....#.#.####.##.....
.#...#.#....##.#(................
.#...#.#....##.#(#...............
.....#......##(#.#.#.####.###...#
.#.#.#.#...............).........
.#...............#.######.###...#
.#.#.#.#..####.#.#.# #<.........
..........# #.#O#.# ###.#####.#
.#.###.#.#####.#@#.######.#####..
.#.# #.#.........................
.#.###.#######.#.#.######.#######
.#........................#
.#.###.###########.######## ####
### ###


You could see an ogre.

Vanquished Creatures
  Grinder (D:3)
  An iguana (D:3)
  Natasha (D:3)
  A worker ant (D:4)
  6 adders
  An ooze (D:1)
  2 dart slugs (D:2)
  3 leopard geckos
  2 orcs (D:3)
  13 bats
  3 giant cockroaches
  6 goblins
  6 hobgoblins
  5 jackals
  4 quokkas
  5 frilled lizards
  10 kobolds
  8 rats
78 creatures vanquished.

Notes
Turn   | Place    | Note
-------+----------+-------------------------------------------
     0 | D:1      | Flugkiller the Octopode Wanderer began the quest for the
                  | Orb.
     0 | D:1      | Flugkiller set off with the following items: a +2 dagger, a
                  | potion of heal wounds, a potion of lignification, a ration;
                  | and the following spell memorised: Flame Tongue; and the
                  | following spells available to memorise: Inner Flame
     0 | D:1      | Reached XP level 1. HP: 13/13 MP: 1/1
   299 | D:1      | Reached XP level 2. HP: 18/18 MP: 2/2
   730 | D:1      | Reached XP level 3. HP: 23/23 MP: 3/3
  1506 | D:2      | Noticed an ogre
  1985 | D:2      | Reached skill level 1 in Short Blades
  1987 | D:2      | Reached XP level 4. HP: 23/28 MP: 4/4
  3406 | D:3      | Noticed Sigmund
  3448 | D:3      | Reached XP level 5. HP: 35/35 MP: 5/5
  3880 | D:3      | Noticed Grinder
  4003 | D:3      | Paralysed by Grinder for 6 turns
  4026 | D:3      | Paralysed by Grinder for 2 turns
  4041 | D:3      | Killed Grinder
  4041 | D:3      | Reached XP level 6. HP: 42/42 MP: 6/6
  4308 | D:3      | Noticed Natasha
  4313 | D:3      | Killed Natasha
  4519 | D:4      | Found a shattered altar of Ashenzari.
  4853 | D:4      | Mangled by an ogre

Levels and vault maps discovered:
D:1:      onia_arrival_mini_spirals, layout_loops_ring, st_stairs_10
D:2:      layout_basic, first_ration, grunt_ministairs_9
D:3:      layout_basic, uniq_natasha, uniq_grinder, uniq_sigmund
D:4:      layout_basic, cheibrodos_ashenzari_chains,
          nicolae_ru_great_annihilating_truth

Skill      XL: |  1  2  3  4  5 |
---------------+----------------+-----
Stealth        | 2 4 |  4.0
Short Blades   | 1 2 3 |  3.3
Fighting       | 2 3 |  3.6
Dodging        | 4 |  4.7
Polearms       | |  1.0
Throwing       | |  1.0
Translocations | |  3.0

Action                   |  1- 3 |  4- 6 || total
-------------------------+-------+-------++-------
Melee: Dagger            |    71 |    58 ||   129
       Constrict         |    15 |     9 ||    24
       Tentacles         |     8 |     5 ||    13
       Unarmed           |       |     8 ||     8
Throw: Dart              |     5 |    30 ||    35
 Cast: Flame Tongue      |     1 |     2 ||     3
  Use: Scroll            |     2 |     3 ||     5
       Potion            |       |     1 ||     1
 Stab: Sleeping          |    13 |    14 ||    27
  Eat: Chunk             |     5 |    17 ||    22
Armor: Skin              |     6 |     9 ||    15
Dodge: Dodged            |    32 |    31 ||    63

Table legend:
 A = Non-vault XP
 B = Vault XP
 C = Vault XP percentage of total XP
 D = Non-vault monster count
 E = Vault monster count
 F = Vault count percentage of total count
                 A         B        C        D         E       F
            +---------+---------+-------+---------+---------+-------
      Total |     267 |     329 |  55.2 |      71 |       7 |   9.0
            +---------+---------+-------+---------+---------+-------
        D:1 |      42 |       4 |   8.7 |      23 |       3 |  11.5
        D:2 |      67 |       4 |   5.6 |      24 |       2 |   7.7
        D:3 |     107 |     321 |  75.0 |      20 |       2 |   9.1
        D:4 |      51 |       0 |   0.0 |       4 |       0 |   0.0
            +---------+---------+-------+---------+---------+-------
